Map: Dusk Towers

Players

TYTY (TY) - Winner!

  • Race: Terran Terran
  • League: Diamond

PartinG

  • Race: Protoss Protoss
  • League: Platinum

Event: DreamHack ROCCAT LotV Championship

VOD

https://www.youtube.com/watch?v=3qzSlRmTCDY&feature=youtu.be&t=22m

Description

Time

  • Played on: Nov. 28, 2015, 7:24 a.m.
  • Length: 16:13

All games in this series

Show
View Real Time Build Order
Export as new Build Order

TYTY Terran - Winner!

Build Orders: MMM Bio 

Get SALT Encoding   

  12  0:00  SCV  
  13  0:12  SCV  
  14  0:19  Supply Depot  
  14  0:24  SCV  
  15  0:41  SCV, Barracks  
  16  0:53  SCV  
  17  1:05  SCV  
  18  1:14  Command Center  
  18  1:17  SCV  
  19  1:29  Orbital Command, Marine  
  20  1:36  Supply Depot  
  20  1:42  Refinery  
  20  1:46  Refinery  
  20  1:48  Marine  
  21  1:55  SCV  
  22  2:04  Bunker  
  22  2:06  Marine  
  22  2:07  SCV  
  24  2:20  SCV  
  25  2:24  Marine  
  25  2:26  Orbital Command  
  26  2:32  Factory  
  26  2:37  SCV  
  27  2:47  Barracks Reactor  
  27  2:49  SCV  
  28  2:53  SCV  
  28  3:01  SCV  
  28  3:05  SCV  
  30  3:13  SCV  
  30  3:16  Factory Tech Lab, Starport  
  30  3:17  SCV  
  32  3:23  Marine x2  
  32  3:26  SCV  
  35  3:29  SCV  
  36  3:35  Cyclone  
  36  3:38  SCV  
  36  3:40  Supply Depot  
  40  3:41  SCV, Marine x2  
  43  3:50  SCV  
  43  3:53  SCV  
  45  3:59  Marine  
  45  4:02  SCV, Marine  
  48  4:06  SCV  
  48  4:09  Command Center  
  49  4:11  Raven  
  49  4:14  SCV, Factory Tech Lab  
  52  4:17  Supply Depot  
  52  4:18  SCV  
  52  4:20  Refinery  
  52  4:22  Refinery  
  53  4:27  SCV  
  54  4:32  Supply Depot  
  54  4:38  SCV, Siege Tank, Marine x2  
  54  4:40  SCV  
  54  4:42  Supply Depot  
  61  4:50  SCV  
  61  4:52  Barracks x2  
  62  4:54  SCV  
  62  4:55  Banshee  
  62  4:59  Marine x2  
  68  5:01  Cloaking Field  
  68  5:03  SCV  
  69  5:08  SCV  
  69  5:09  Engineering Bay  
  70  5:15  SCV, Engineering Bay  
  70  5:20  Marine  
  70  5:21  Marine  
  73  5:24  SCV, Factory Reactor  
  73  5:26  Supply Depot  
  73  5:27  Orbital Command  
  74  5:28  SCV  
  75  5:37  SCV  
  75  5:38  Banshee  
  74  5:50  SCV x2  
  74  5:52  Marine x2  
  74  5:54  Marine  
  74  5:57  SCV  
  74  6:02  SCV  
  74  6:04  SCV  
  74  6:05  Terran Infantry Weapons Level 1, Terran Infantry Armor Level 1  
  74  6:07  Marine  
  74  6:09  SCV  
  74  6:10  Marine  
  75  6:14  SCV  
  75  6:16  SCV  
  76  6:23  Orbital Command  
  76  6:24  Stimpack  
  77  6:26  SCV  
  77  6:28  SCV  
  77  6:31  Medivac x2  
  82  6:37  Marine x2  
  82  6:38  SCV  
  85  6:40  SCV  
  83  6:49  SCV  
  83  6:50  SCV  
  83  6:52  SCV  
  81  6:54  Marauder x2  
  85  7:01  SCV, Factory Reactor  
  85  7:03  SCV  
  85  7:04  SCV  
  87  7:08  Barracks  
  87  7:09  Barracks, Marine x2  
  87  7:10  Combat Shields  
  87  7:13  SCV, Medivac x2  
  87  7:15  SCV  
  95  7:16  SCV  
  95  7:22  Armory, Marine x2  
  96  7:25  SCV  
  96  7:27  SCV  
  96  7:29  SCV  
  101  7:30  Supply Depot  
  101  7:35  Liberator  
  101  7:36  Refinery x2  
  101  7:42  Missile Turret  
  101  7:52  SCV x3, Marauder  
  101  7:55  Marine  
  109  8:01  Barracks Reactor, Barracks Tech Lab  
  109  8:08  Supply Depot x2  
  109  8:10  Widow Mine x2  
  109  8:11  Supply Depot, Marauder, SCV, Marine  
  109  8:12  Supply Depot x2, Liberator  
  117  8:14  SCV  
  117  8:24  Concussive Shells  
  117  8:29  SCV, Marine x2  
  117  8:31  Marauder x2  
  117  8:32  Missile Turret, Marine  
  117  8:33  Missile Turret  
  125  8:36  SCV x2  
  125  8:37  Starport  
  127  8:41  SCV  
  127  8:47  Marine  
  123  8:52  Widow Mine x2  
  104  8:57  Marine x2  
  104  8:58  Marauder x2  
  104  9:01  Liberator x2  
  104  9:02  SCV x2  
  96  9:04  Marine x2  
  87  9:14  SCV x2  
  82  9:19  Terran Infantry Weapons Level 2  
  82  9:20  Widow Mine  
  82  9:21  Marine x3  
  93  9:28  Terran Infantry Armor Level 2  
  93  9:30  Marauder, Marine  
  96  9:32  SCV x2  
  96  9:35  SCV  
  101  9:38  Marauder, Marine  
  101  9:44  SCV x2  
  104  9:49  Marine x2  
  104  9:51  Marauder, Marine x2  
  111  9:54  Liberator  
  111  9:59  Command Center  
  110  10:04  Marauder x2  
  114  10:13  Marauder  
  107  10:16  Marine x2  
  107  10:17  Marine  
  110  10:25  Marauder  
  109  10:32  Marauder, Marine  
  109  10:34  Medivac, Marine  
  109  10:35  SCV, Marauder, Medivac x2  
  113  10:36  SCV  
  113  10:38  Marine x2  
  117  10:43  SCV  
  117  10:46  Terran Ship Weapons Level 1  
  117  10:48  SCV  
  117  10:49  Marauder  
  122  10:50  Marine  
  122  10:54  Medivac, Marauder  
  127  11:02  Missile Turret  
  127  11:03  Marauder  
  127  11:04  Medivac, Marine  
  128  11:10  Marauder  
  136  11:14  Planetary Fortress, Missile Turret  
  132  11:19  Marauder, Marine x2  
  132  11:22  Viking  
  132  11:25  Marauder  
  140  11:28  Viking  
  140  11:30  Viking  
  141  11:37  Marauder, Marine x4  
  147  11:40  Missile Turret  
  147  11:41  Marauder  
  147  11:44  SCV  
  152  11:51  Marauder  
  152  11:55  Marine x2  
  152  11:56  Barracks x2  
  152  11:59  SCV x2, Marauder  
  152  12:00  SCV x2  
  157  12:14  Marauder x2, Marine x4  
  156  12:25  SCV x3  
  156  12:28  SCV  
  156  12:31  Liberator x4  
  129  12:37  SCV x3  
  129  12:40  SCV  
  131  12:49  SCV x2, Marauder, Marine x4  
  131  12:50  Barracks Tech Lab x2, Marauder  
  143  12:52  Barracks Reactor  
  142  12:58  Terran Infantry Weapons Level 3  
  144  13:06  Marauder  
  144  13:07  Marine x4  
  144  13:11  Marauder  
  147  13:15  Marauder x2  
  151  13:25  Marine x2  
  155  13:27  Marauder  
  155  13:35  Marine x4  
  155  13:38  Marauder x3  
  155  13:40  Ghost Academy  
  164  13:52  Marauder, Marine x2  
  164  13:53  Orbital Command, Marine x2  
  168  13:59  Marauder  
  172  14:10  Marauder  
  172  14:16  Marine  
  172  14:21  Marine  
  172  14:22  Marine  
  172  14:23  Marauder, Medivac x4  
  180  14:31  Marauder x2, Marine x3  
  178  14:34  Marine  
  175  14:48  Supply Depot  
  175  14:50  Supply Depot x2  
  170  15:02  Supply Depot x2  
  170  15:03  Supply Depot  
  159  15:09  Ghost x2  
  159  15:11  Medivac  
  159  15:13  Medivac x2  
  151  15:22  SCV x3  
  154  15:35  Marauder  
  148  15:39  Medivac  
  140  15:48  Marine x3  
  120  15:56  SCV x3  
Show
View Real Time Build Order
Export as new Build Order

PartinG Protoss 

Build Orders: 1 Gate Expand, Colossus Rush 

Get SALT Encoding   

  12  0:00  Probe (Chrono Boost)  
  13  0:11  Probe (Chrono Boost)  
  14  0:19  Pylon  
  14  0:22  Probe (Chrono Boost)  
  15  0:37  Probe (Chrono Boost), Gateway  
  15  0:42  Assimilator  
  16  0:47  Probe (Chrono Boost)  
  17  0:58  Probe (Chrono Boost)  
  18  1:08  Probe (Chrono Boost)  
  19  1:20  Nexus  
  19  1:29  Cybernetics Core  
  19  1:33  Probe (Chrono Boost)  
  19  1:38  Assimilator  
  20  1:44  Probe (Chrono Boost)  
  21  1:49  Pylon  
  21  1:54  Probe (Chrono Boost)  
  22  2:05  Probe (Chrono Boost)  
  22  2:06  Warp Gate  
  22  2:07  Adept  
  24  2:16  Probe (Chrono Boost)  
  25  2:23  Robotics Facility  
  25  2:31  Mothership Core (Chrono Boost)  
  25  2:33  Probe (Chrono Boost)  
  29  2:44  Probe (Chrono Boost)  
  29  2:45  Adept  
  29  2:49  Probe (Chrono Boost)  
  32  2:55  Probe (Chrono Boost)  
  33  2:59  Probe (Chrono Boost), Pylon  
  33  3:05  Probe (Chrono Boost)  
  34  3:10  Probe (Chrono Boost)  
  34  3:11  Observer (Chrono Boost)  
  37  3:12  Adept  
  37  3:17  Probe  
  37  3:18  Twilight Council  
  40  3:22  Probe  
  41  3:29  Probe (Chrono Boost)  
  41  3:30  Pylon  
  41  3:32  Observer (Chrono Boost)  
  41  3:34  Probe (Chrono Boost)  
  44  3:40  Adept  
  44  3:41  Probe (Chrono Boost)  
  47  3:45  Probe (Chrono Boost)  
  47  3:47  Pylon  
  48  3:51  Probe (Chrono Boost)  
  48  3:53  Observer  
  51  3:55  Probe (Chrono Boost)  
  51  3:56  Assimilator  
  51  4:01  Assimilator  
  51  4:02  Probe (Chrono Boost)  
  52  4:06  Probe (Chrono Boost)  
  52  4:09  Blink (Chrono Boost)  
  53  4:11  Warp Prism  
  53  4:13  Probe (Chrono Boost)  
  53  4:16  Probe (Chrono Boost)  
  57  4:26  Gateway  
  57  4:28  Probe, Gateway  
  57  4:30  Probe  
  59  4:37  Robotics Bay  
  59  4:40  Probe  
  59  4:42  Probe  
  59  4:45  Pylon  
  61  4:50  Pylon  
  62  4:52  Probe  
  62  4:54  Probe  
  63  5:05  Probe  
  63  5:06  Probe  
  64  5:07  Observer  
  64  5:11  Nexus  
  64  5:13  Pylon  
  65  5:17  Probe, Pylon  
  65  5:20  Colossus  
  66  5:21  Sentry  
  74  5:29  Probe  
  74  5:33  Extended Thermal Lance  
  75  5:37  Pylon  
  75  5:48  Probe x2  
  75  5:58  Forge x2  
  75  6:09  Probe x2  
  73  6:11  Colossus (Chrono Boost)  
  73  6:14  Gateway  
  73  6:16  Gateway  
  73  6:17  Gateway, Adept  
  81  6:23  Adept x2  
  81  6:24  Protoss Ground Weapons Level 1 (Chrono Boost)  
  83  6:26  Pylon, Protoss Ground Armor Level 1 (Chrono Boost)  
  83  6:32  Pylon  
  83  6:37  Probe x2  
  83  7:00  Stalker x3  
  83  7:04  Probe x3, Colossus (Chrono Boost)  
  83  7:06  Photon Cannon  
  83  7:07  Photon Cannon  
  92  7:09  Photon Cannon  
  92  7:23  Pylon  
  92  7:27  Stalker  
  92  7:28  Stalker x4  
  92  7:29  Sentry  
  104  7:32  Probe x3  
  104  7:35  Gravitic Drive  
  107  7:40  Assimilator  
  107  7:45  Assimilator  
  107  7:47  Gateway  
  107  7:48  Gateway  
  107  7:51  Sentry x2  
  111  8:00  Stalker x3  
  115  8:08  Probe x3, Pylon  
  115  8:12  Pylon  
  118  8:17  Protoss Ground Armor Level 2  
  118  8:18  Protoss Ground Weapons Level 2  
  118  8:23  Adept x6, Pylon  
  130  8:30  Probe  
  130  8:31  Probe x2  
  121  9:00  Stalker x3  
  121  9:01  Stalker x3  
  94  9:15  Nexus  
  86  9:23  Pylon  
  92  9:25  Probe  
  90  9:31  Disruptor (Chrono Boost), Robotics Facility  
  90  9:37  Stalker x6  
  102  9:46  Stalker x2  
  106  9:55  Gateway  
  106  9:56  Gateway  
  106  9:59  Pylon x2  
  106  10:00  Pylon  
  98  10:14  Adept x3  
  98  10:15  Adept x3  
  104  10:21  Pylon  
  103  10:36  Disruptor (Chrono Boost)  
  103  10:37  Disruptor (Chrono Boost)  
  103  10:42  Pylon  
  109  10:45  Templar Archives  
  109  10:48  Sentry  
  109  10:49  Pylon  
  111  10:56  Pylon  
  111  11:03  Adept x5  
  121  11:11  Pylon  
  121  11:12  Disruptor (Chrono Boost)  
  124  11:23  Probe, Pylon  
  124  11:33  Stalker x3  
  124  11:36  Probe  
  124  11:37  Probe x3  
  131  11:53  Adept x5  
  139  11:57  Probe x3  
  139  12:00  Probe  
  143  12:12  Stalker x3, Probe  
  113  12:36  Probe x3  
  101  12:40  Psionic Storm, Disruptor x2 (Chrono Boost)  
  101  12:42  Probe  
  98  12:46  High Templar x3  
  98  12:47  High Templar x4  
  98  12:48  Probe  
  98  12:49  Probe  
  114  12:55  Probe  
  115  13:01  Stalker x3, Probe  
  115  13:20  Stalker x3  
  115  13:21  Stalker x4  
  115  13:25  Pylon  
  115  13:26  Pylon  
  129  13:35  Assimilator  
  129  13:36  Assimilator  
  129  13:37  Stalker x2  
  129  13:38  Stalker  
  135  13:49  Pylon x2  
  135  13:54  Stalker x2  
  135  13:55  Stalker x3  
  145  14:03  Disruptor (Chrono Boost)  
  122  14:39  High Templar x4  
  122  14:40  Zealot x4, High Templar  
  136  15:00  Cybernetics Core  
  107  15:27  Disruptor (Chrono Boost)  
  110  15:34  Archon x2  
  90  15:45  Stalker x2  

Tags
 
Add a new tag
Caveats
  • Supply blocks, unpowered buildings, or Contaminate may cause inaccurate times.
  • Supply counts are checked every 10 seconds.